 Dungeon Crawl Stone Soup version 0.17-a0-2215-g49c1de0 (webtiles) character file.

561470 Duffy the Eclecticist (level 25, -9/224 HPs)
             Began as a Grey Draconian Conjurer on Oct 27, 2015.
             Was the Champion of Vehumet.
             Mangled by an eldritch tentacle (18 damage)
             ... called by an ancient lich
             ... on level 5 of the Vaults on Oct 28, 2015.
             The game lasted 05:12:56 (128302 turns).

Duffy the Eclecticist (Grey Draconian Conjurer)   Turns: 128302, Time: 05:12:57

Health: -9/224     AC: 31    Str: 12    XL:     25   Next: 86%
Magic:  34/45      EV: 20    Int: 23    God:    Vehumet [******]
Gold:   1189       SH: 13    Dex: 15    Spells: 10 memorised, 12 levels left

rFire  + . .     SeeInvis .     a - +8 demon blade (freeze)
rCold  . . .     Clarity  .     (armour unavailable)
rNeg   + . .     SustAt   .     u - +0 shield {rF+}
rPois  +         Gourm    .     (helmet restricted)
rElec  .         Spirit   .     v - +2 cloak {rPois}
rCorr  .         Warding  +     R - +2 pair of gloves
rMut   .         Stasis   .     m - +2 pair of boots
MR     ++...                    M - amulet of warding
Stlth  +++.......               s - ring of Ysiesch {+Fly MR+}
                                Z - +5 ring of protection

@: very slightly contaminated, constricted, very resistant to hostile
enchantments, fairly stealthy
A: walk through water, unfitting armour, unbreathing, cold-blooded, AC +17
a: Renounce Religion, Evoke Flight
}: 2/15 runes: barnacled, gossamer


You were on level 5 of the Vaults.
You worshipped Vehumet.
Vehumet was exalted by your worship.
You were very hungry.

You visited 9 branches of the dungeon, and saw 49 of its levels.
You visited 2 bazaars.
You also visited: Ice Cave and Volcano.

You collected 6430 gold pieces.
You spent 5241 gold pieces at shops.


Innate Abilities, Weirdness & Mutations

You can walk through water.
Your dull iron-grey scales are very hard (AC +17).
Your body does not fit into most forms of armour.
You can survive without breathing.
You are cold-blooded and may be slowed by cold attacks.


   Skills:
 - Level 18.0 Fighting
 - Level 14.0 Long Blades
 - Level 16.4 Dodging
 - Level 7.5 Stealth
 - Level 15.0 Shields
 + Level 18.4 Spellcasting
 + Level 16.5 Conjurations
   Level 4.5 Hexes
 - Level 5.0 Charms
 - Level 7.0 Translocations
 - Level 8.4 Fire Magic
 + Level 16.7 Earth Magic
 - Level 7.2 Poison Magic
 - Level 11.0 Evocations


You had 12 spell levels left.
You knew the following spells:

 Your Spells              Type           Power        Failure   Level  Hunger
a - Poison Arrow          Conj/Pois      ######....   1%          6    ####...
c - Iskenderun's Mystic   Conj           #######.     1%          4    None
f - Fireball              Conj/Fire      ######....   1%          5    None
g - Passage of Golubria   Tloc           N/A          1%          4    None
r - Orb of Destruction    Conj           #######...   1%          7    #####..
s - Bolt of Fire          Conj/Fire      ######....   1%          6    ####...
w - Iskenderun's Battles  Conj/Chrm      ######..     1%          5    None
x - Lehudib's Crystal Sp  Conj/Erth      #######...   5%          8    #######
A - Apportation           Tloc           ######....   1%          1    None
B - Blink                 Tloc           N/A          1%          2    None

Inventory:

Hand Weapons
 a - a +8 demon blade of freezing (weapon)
Missiles
 N - 14 throwing nets (quivered)
Armour
 m - a +2 pair of boots (worn)
 u - a +0 shield of fire resistance (worn)
 v - a +2 cloak of poison resistance (worn)
 R - a +2 pair of gloves (worn)
Magical Staves
 b - an uncursed staff of conjuration {!a}
Jewellery
 f - an uncursed ring of protection from cold
 l - an uncursed amulet of resist corrosion
 r - the ring of Sougeegh {Int+2 SInv}

   [ring of see invisible]

   It affects your intelligence (+2).
   It lets you see invisible.
 s - the ring of Ysiesch (right hand) {+Fly MR+}

   [ring of flight]

   It affects your resistance to hostile enchantments.
   It lets you fly.
 t - an uncursed ring of poison resistance
 H - an uncursed ring of protection from fire
 I - an uncursed amulet of stasis
 L - an uncursed amulet of resist mutation
 M - an amulet of warding (around neck)
 Z - a +5 ring of protection (left hand)
Wands
 c - a wand of teleportation (7)
 h - a wand of heal wounds (4)
 A - a wand of disintegration (10)
 U - a wand of digging (11)
 Y - a wand of hasting (7)
Scrolls
 e - 8 scrolls of blinking
 k - 5 scrolls of fear
 n - 16 scrolls of remove curse
 x - 8 scrolls of teleportation
 y - 8 scrolls of magic mapping
 E - 11 scrolls of identify
 G - 2 scrolls of holy word
 O - 7 scrolls of recharging
 P - 7 scrolls of fog
 Q - 2 scrolls of summoning
Potions
 g - 10 potions of curing
 j - 7 potions of brilliance
 o - 4 potions of agility
 p - 6 potions of flight
 q - 2 potions of haste
 w - 2 potions of magic
 B - 7 potions of might
 C - 4 potions of berserk rage
 D - a potion of invisibility
 K - 2 potions of heal wounds
 T - 2 potions of resistance
 W - 2 potions of cancellation
Miscellaneous
 F - a fan of gales
 J - a phial of floods
Comestibles
 d - 2 chunks of flesh
 z - 21 meat rations
 S - 8 bread rations

Dungeon Overview and Level Annotations

Branches:
Dungeon (15/15)            Temple (1/1) D:6            Lair (8/8) D:8
 Shoals (4/4) Lair:3       Spider (4/4) Lair:3        Slime (0/6) Lair:8
    Orc (4/4) D:10            Elf (3/3) Orc:3        Vaults (5/5) D:14
  Crypt (0/3) Vaults:3     Depths (5/5) D:15            Zot (0/5) Depths:5

Altars:
Ashenzari
Cheibriados
Dithmenos
Elyvilon
Fedhas
Gozag
Kikubaaqudgha
Makhleb
Nemelex Xobeh
Okawaru
Qazlal
Ru
Sif Muna
Trog
Vehumet
Xom
Yredelemnul
Zin
The Shining One
Beogh
Jiyva

Shops:
D:8 =   D:10 (   D:11 =   Orc:4 :[!:   Vaults:3 }   Vaults:4 }

Portals:
Hell: Lair:8 Depths:1 Depths:2 Depths:3 Depths:4 Depths:5
Abyss: Depths:4
Pandemonium: Depths:3 Depths:5
Ziggurat: Depths:1

Annotations:
Elf:2 3 runed doors


Message History

The eldritch tentacle barely misses you.
You hear a roar!
You hear a shout!
You hear a shout!
A stone giant comes into view.
You don't have the energy to cast that spell.
Eat one of 3 chunks of flesh? (ye/n/q/i?) This raw flesh tastes terrible.
You are feeling very hungry.
You feel yourself speed up. You block the vault warden's attack.
You block the tentacled monstrosity's attack.
The tentacled monstrosity tentacle-slaps you but does no damage. x2
The tentacled monstrosity constricts you!
The salamander stormcaller hits you but does no damage.
You block the eldritch tentacle's attack.
The eldritch tentacle claws you but does no damage.
You continue eating.
The eldritch tentacle completely misses you.
The eldritch tentacle claws you. The eldritch tentacle freezes you!!
You block the tentacled monstrosity's attack.
The tentacled monstrosity tentacle-slaps you but does no damage. x2
The tentacled monstrosity constricts you.
You block the vault warden's attack. The salamander stormcaller misses you.
You block the eldritch tentacle's attack.
The eldritch tentacle claws you.
You continue eating.
The tentacled monstrosity completely misses you.
You block the tentacled monstrosity's attack.
The tentacled monstrosity completely misses you.
The tentacled monstrosity constricts you!
The vault sentinel blows a loud note on a signal horn!
You block the vault warden's attack.
The salamander stormcaller begins to chant a fire storm spell!
The eldritch tentacle closely misses you.
The eldritch tentacle claws you!!
You die...

.. #....#
.###....# #.
#..#....##.#
#C........#
#####........####
.........p.......
......pX<<.).....
.......@).<......
........wNp......
#####....*.....##
#......*....#
#...#........#
....##....###...
....# #....# ..
.... #....# . ..
#....#


You could see a tentacled monstrosity, an eldritch tentacle, an ironheart
preserver, a stone giant, a vault warden, a salamander stormcaller and a vault
sentinel.

Action                   |  1- 3 |  4- 6 |  7- 9 | 10-12 | 13-15 | 16-18 | 19-21 | 22-24 | 25-27 || total
-------------------------+-------+-------+-------+-------+-------+-------+-------+-------+-------++-------
Melee: Whip              |   104 |     3 |    15 |     4 |       |       |       |       |       ||   126
       Scimitar          |       |       |       |    57 |       |       |       |       |       ||    57
       Staff             |       |       |       |       |     5 |       |       |       |       ||     5
       Demon blade       |       |       |       |       |  1079 |  1564 |  2342 |  1849 |   480 ||  7314
 Fire: Blowgun           |       |       |       |       |    16 |    12 |       |       |       ||    28
Throw: Stone             |       |       |       |       |     1 |     2 |       |       |       ||     3
       Throwing net      |       |       |       |       |       |       |       |     7 |       ||     7
 Cast: Magic Dart        |    82 |   118 |   146 |   489 |   704 |   565 |    55 |       |       ||  2159
       Searing Ray       |     1 |    11 |    37 |    58 |    47 |     2 |       |       |       ||   156
       Fulminant Prism   |       |       |     8 |    24 |    19 |     7 |       |       |       ||    58
       Dazzling Spray    |       |       |     2 |    16 |       |       |       |       |       ||    18
       Iskenderun's Myst |       |       |     2 |    19 |   201 |    85 |    12 |     1 |       ||   320
       Iskenderun's Batt |       |       |       |    56 |   121 |    95 |     9 |       |       ||   281
       Orb of Destructio |       |       |       |       |     6 |    41 |    25 |    34 |    25 ||   131
       Bolt of Fire      |       |       |       |       |       |     6 |    83 |    72 |    32 ||   193
       Blink             |       |       |       |       |       |     6 |     7 |     6 |     2 ||    21
       Fireball          |       |       |       |       |       |       |    60 |    24 |     7 ||    91
       Poison Arrow      |       |       |       |       |       |       |   252 |   413 |   126 ||   791
       Lehudib's Crystal |       |       |       |       |       |       |       |       |     8 ||     8
 Abil: Evoke Invisibilit |       |       |       |       |       |     9 |    12 |       |       ||    21
       Turn Visible      |       |       |       |       |       |     4 |       |       |       ||     4
Evoke: Wand              |       |       |       |       |     5 |     2 |       |     5 |       ||    12
  Use: Scroll            |     5 |     5 |     7 |     6 |    12 |    17 |    16 |     9 |       ||    77
       Potion            |       |     1 |       |     5 |       |     4 |     4 |     6 |     5 ||    25
 Stab: Sleeping          |       |       |       |     1 |    13 |    12 |    11 |     3 |     1 ||    41
       Distracted        |       |       |       |       |     5 |     3 |     3 |     2 |       ||    13
       Invisible         |       |       |       |       |       |    26 |    22 |       |       ||    48
       Held in net/web   |       |       |       |       |       |       |       |     1 |       ||     1
  Eat: Chunk             |     5 |    11 |    18 |    46 |    90 |    51 |   160 |   160 |    35 ||   576
       Pizza             |       |       |       |     2 |       |     3 |       |       |       ||     5
       Beef jerky        |       |       |       |       |     3 |     3 |     3 |     1 |     4 ||    14
       Fruit             |       |       |       |       |    21 |       |       |     5 |       ||    26
       Meat ration       |       |       |       |       |     1 |     4 |       |       |       ||     5
       Bread ration      |       |       |       |       |       |     7 |     7 |     5 |     1 ||    20
       Royal jelly       |       |       |       |       |       |       |     3 |       |     5 ||     8

Notes
Turn   | Place    | Note
--------------------------------------------------------------
     0 | D:1      | Duffy the Draconian Conjurer began the quest for the Orb.
     0 | D:1      | Reached XP level 1. HP: 14/14 MP: 3/3
   468 | D:1      | Reached XP level 2. HP: 20/20 MP: 0/5
   472 | D:1      | Learned a level 2 spell: Searing Ray
  1197 | D:1      | Reached XP level 3. HP: 24/26 MP: 1/7
  1349 | D:1      | Learned a level 3 spell: Dazzling Spray
  2262 | D:2      | Reached skill level 3 in Spellcasting
  2364 | D:2      | Reached XP level 4. HP: 29/33 MP: 1/8
  2576 | D:2      | Reached skill level 5 in Conjurations
  2773 | D:2      | Noticed Ijyb
  2834 | D:2      | Killed Ijyb
  3356 | D:2      | Found a snail-covered altar of Cheibriados.
  3366 | D:2      | Learned a level 4 spell: Fulminant Prism
  3548 | D:3      | Noticed fredomojojo's ghost (amateur KoHu)
  3859 | D:3      | Reached XP level 5. HP: 38/38 MP: 7/10
  3994 | D:3      | Reached skill level 1 in Hexes
  5038 | D:4      | Reached skill level 2 in Hexes
  5046 | D:4      | Reached skill level 4 in Spellcasting
  5046 | D:4      | Reached XP level 6. HP: 43/45 MP: 3/12
  5500 | D:5      | Entered Level 5 of the Dungeon
  5669 | D:5      | Reached skill level 6 in Conjurations
  5669 | D:5      | Reached skill level 3 in Hexes
  5864 | D:5      | Gained mutation: You can survive without breathing. [Grey Draconian growth]
  5864 | D:5      | Reached XP level 7. HP: 48/50 MP: 7/13
  6183 | D:5      | Noticed Grinder
  6257 | D:5      | Paralysed by Grinder for 2 turns
  6369 | D:5      | Killed Grinder
  6369 | D:5      | Reached skill level 4 in Hexes
  6492 | D:5      | Learned a level 4 spell: Iskenderun's Mystic Blast
  6710 | D:5      | Reached skill level 5 in Spellcasting
  6796 | D:5      | Reached XP level 8. HP: 57/57 MP: 10/15
  6855 | D:5      | Reached skill level 7 in Conjurations
  7219 | D:5      | Found a burning altar of Makhleb.
  7224 | D:5      | Found a bloodstained altar of Trog.
  7322 | D:6      | Reached skill level 6 in Spellcasting
  7645 | D:6      | Learned a level 5 spell: Iskenderun's Battlesphere
  8052 | D:6      | Found a staircase to the Ecumenical Temple.
  8059 | Temple   | Entered the Ecumenical Temple
  8123 | Temple   | Became a worshipper of Vehumet
  8218 | D:6      | Found a radiant altar of Vehumet.
  8251 | D:6      | Reached skill level 8 in Conjurations
  8596 | D:7      | Reached skill level 1 in Fighting
  8662 | D:7      | Reached skill level 2 in Fighting
  8825 | D:7      | Reached skill level 3 in Fighting
  8825 | D:7      | Reached XP level 9. HP: 67/69 MP: 3/18
  9078 | D:7      | Reached skill level 9 in Conjurations
  9316 | D:7      | Reached skill level 4 in Fighting
  9512 | D:7      | Reached * piety under Vehumet
  9512 | D:7      | Offered knowledge of Sting by Vehumet.
  9688 | D:7      | Reached skill level 5 in Fighting
 10007 | D:7      | Found a basalt altar of Yredelemnul.
 10064 | D:7      | Found a white marble altar of Elyvilon.
 10124 | D:7      | Found a sacrificial altar of Ru.
 10266 | D:8      | Noticed Erolcha
 10277 | D:8      | Killed Erolcha
 10277 | D:8      | Reached skill level 7 in Spellcasting
 10277 | D:8      | Reached skill level 10 in Conjurations
 10277 | D:8      | Reached skill level 2 in Charms
 10393 | D:8      | Found Foejurao's Jewellery Boutique.
 10596 | D:8      | Reached XP level 10. HP: 79/81 MP: 13/20
 10779 | D:8      | Noticed Psyche
 10787 | D:8      | Killed Psyche
 10787 | D:8      | Reached skill level 3 in Charms
 11039 | D:8      | Noticed Erica
 11066 | D:8      | Killed Erica
 11255 | D:8      | Noticed Grum
 11274 | D:8      | Reached skill level 4 in Charms
 11573 | D:8      | Found a staircase to the Lair.
 12407 | D:8      | Killed Grum
 12407 | D:8      | Reached skill level 8 in Spellcasting
 12927 | D:9      | Reached skill level 5 in Charms
 13027 | D:9      | Reached skill level 11 in Conjurations
 13090 | D:9      | Reached skill level 2 in Dodging
 13090 | D:9      | Reached skill level 2 in Stealth
 13318 | D:9      | Offered knowledge of Throw Flame by Vehumet.
 13648 | D:9      | Found an iron altar of Okawaru.
 13669 | D:9      | Reached ** piety under Vehumet
 13669 | D:9      | Reached skill level 3 in Stealth
 13682 | D:9      | Reached skill level 3 in Dodging
 14116 | D:10     | Entered Level 10 of the Dungeon
 14119 | D:10     | Noticed a centaur warrior
 14510 | Lair:1   | Entered Level 1 of the Lair of Beasts
 14776 | Lair:1   | Reached skill level 4 in Dodging
 14919 | Lair:1   | Reached XP level 11. HP: 88/88 MP: 18/23
 15164 | Lair:1   | Reached skill level 5 in Dodging
 15741 | Lair:1   | Reached skill level 6 in Dodging
 16696 | Lair:2   | Offered knowledge of Throw Frost by Vehumet.
 16748 | Lair:2   | Reached skill level 9 in Spellcasting
 17196 | Lair:2   | Reached skill level 12 in Conjurations
 17480 | Lair:2   | Reached *** piety under Vehumet
 17546 | Lair:2   | Noticed an eight-headed hydra
 17552 | Lair:2   | Killed an eight-headed hydra
 18003 | Lair:2   | Reached XP level 12. HP: 89/94 MP: 9/25
 18160 | Lair:2   | Offered knowledge of Inner Flame by Vehumet.
 18172 | Lair:2   | Noticed an eight-headed hydra
 18488 | Lair:2   | Reached skill level 10 in Spellcasting
 18616 | Lair:2   | Killed an eight-headed hydra
 19012 | Lair:3   | Noticed a seven-headed hydra
 19021 | Lair:3   | Killed a seven-headed hydra
 19173 | Lair:3   | Reached **** piety under Vehumet
 19177 | Lair:3   | Reached skill level 13 in Conjurations
 19281 | Lair:3   | Offered knowledge of Throw Icicle by Vehumet.
 19351 | Lair:3   | Found a hole to the Spider Nest.
 20169 | Lair:3   | Found a staircase to the Shoals.
 20662 | Lair:3   | Reached skill level 7 in Dodging
 20835 | Lair:4   | Reached skill level 6 in Fighting
 21456 | Lair:4   | Reached skill level 7 in Fighting
 21751 | Lair:3   | Reached XP level 13. HP: 45/105 MP: 12/27
 22113 | Lair:4   | Reached skill level 8 in Dodging
 23033 | Lair:5   | Reached skill level 8 in Fighting
 23498 | Lair:5   | Reached ***** piety under Vehumet
 23735 | Lair:5   | Offered knowledge of Bolt of Draining by Vehumet.
 24398 | Lair:6   | Reached skill level 9 in Dodging
 24405 | Lair:5   | Reached skill level 9 in Fighting
 25254 | Lair:6   | Offered knowledge of Sticky Flame by Vehumet.
 26640 | Lair:7   | Reached skill level 10 in Fighting
 27146 | Lair:7   | Reached skill level 10 in Dodging
 27595 | Lair:8   | Entered Level 8 of the Lair of Beasts
 27595 | Lair:8   | Found a snail-covered altar of Cheibriados.
 27886 | Lair:8   | Found a staircase to the Slime Pits.
 27887 | Lair:8   | Found a viscous altar of Jiyva.
 28276 | Lair:8   | Reached skill level 11 in Dodging
 28727 | Lair:7   | Reached XP level 14. HP: 77/121 MP: 6/28
 28748 | Lair:7   | Offered knowledge of Poisonous Cloud by Vehumet.
 29091 | Lair:8   | Noticed a dire elephant
 29100 | Lair:8   | Killed a dire elephant
 29100 | Lair:8   | Reached skill level 4 in Stealth
 29418 | Lair:7   | Reached skill level 5 in Stealth
 29899 | Lair:8   | Reached skill level 6 in Stealth
 30687 | Lair:8   | Noticed a dire elephant
 30728 | Lair:8   | Killed a dire elephant
 30941 | Lair:8   | Reached skill level 7 in Stealth
 31200 | Lair:8   | Found a burning altar of Makhleb.
 31449 | Lair:8   | Reached skill level 14 in Conjurations
 32062 | Lair:8   | Found a gateway to Hell.
 32708 | D:10     | Noticed a hill giant
 32712 | D:10     | Killed a hill giant
 32790 | D:10     | Found Juefaph's Antique Weapon Boutique.
 32798 | D:10     | Bought a runed demon blade for 540 gold pieces
 32807 | D:10     | Killed a centaur warrior
 32807 | D:10     | Reached skill level 1 in Long Blades
 32889 | D:10     | Noticed Nergalle
 32900 | D:10     | Killed Nergalle
 33178 | D:10     | Noticed a hill giant
 33185 | D:10     | Killed a hill giant
 33353 | D:10     | Found a staircase to the Orcish Mines.
 33419 | D:10     | Reached skill level 2 in Long Blades
 33562 | D:10     | Noticed Snorg
 33585 | D:10     | Killed Snorg
 34318 | D:11     | Reached skill level 3 in Long Blades
 34604 | D:11     | Found Wodoijig's Jewellery Shop.
 35544 | D:10     | Reached skill level 4 in Long Blades
 36070 | D:11     | Reached skill level 5 in Long Blades
 37050 | D:12     | Reached skill level 6 in Long Blades
 37072 | D:11     | Reached XP level 15. HP: 103/126 MP: 8/29
 37564 | D:12     | Offered knowledge of Venom Bolt by Vehumet.
 37866 | D:12     | Reached skill level 7 in Long Blades
 38518 | D:13     | Reached skill level 8 in Long Blades
 40106 | D:13     | Reached skill level 9 in Long Blades
 40948 | D:14     | Reached skill level 10 in Long Blades
 41562 | D:14     | Found a gate to the Vaults.
 42078 | D:14     | Offered knowledge of Spellforged Servitor by Vehumet.
 42299 | D:14     | Reached skill level 11 in Long Blades
 43268 | Orc:1    | Entered Level 1 of the Orcish Mines
 43268 | Orc:1    | Noticed Maurice
 43455 | D:10     | Killed Maurice
 43710 | Orc:1    | Found a dark tunnel.
 43719 | Volcano  | Entered a volcano
 45678 | Orc:3    | Found a staircase to the Elven Halls.
 45744 | Orc:3    | Offered knowledge of Freezing Cloud by Vehumet.
 45834 | Orc:3    | Reached skill level 12 in Long Blades
 46188 | Orc:4    | Entered Level 4 of the Orcish Mines
 46311 | Orc:4    | Found Methi's Distillery.
 46601 | Orc:4    | Found Muxibys's Book Shop.
 46771 | Orc:4    | Found a roughly hewn altar of Beogh.
 47516 | Orc:4    | Paralysed by an orc sorcerer for 5 turns
 47925 | Orc:4    | Offered knowledge of Orb of Destruction by Vehumet.
 47934 | Orc:4    | Learned a level 7 spell: Orb of Destruction
 48805 | Orc:4    | Noticed Maud
 48844 | Orc:4    | Killed Maud
 49272 | Orc:4    | Reached skill level 13 in Long Blades
 49272 | Orc:4    | Reached XP level 16. HP: 134/134 MP: 14/30
 49554 | Orc:4    | Found a roughly hewn altar of Beogh.
 49715 | Orc:4    | Found Cysoesm's Armour Boutique.
 50100 | Orc:4    | Found Wifoic's Book Shop.
 50655 | D:15     | Entered Level 15 of the Dungeon
 51945 | D:14     | Reached skill level 14 in Long Blades
 51994 | D:14     | Reached skill level 15 in Conjurations
 51994 | D:14     | Reached XP level 17. HP: 140/140 MP: 31/31
 52305 | D:15     | Reached skill level 11 in Spellcasting
 52602 | D:15     | Noticed Rupert
 52626 | D:15     | Paralysed by Rupert for 4 turns
 52636 | D:15     | Killed Rupert
 52861 | D:15     | Found a staircase to the Depths.
 53191 | D:3      | Killed fredomojojo's ghost
 53412 | Lair:1   | Learned a level 1 spell: Apportation
 53415 | Lair:1   | Learned a level 2 spell: Blink
 53481 | Spider:1 | Entered Level 1 of the Spider Nest
 53503 | Spider:1 | Reached skill level 1 in Translocations
 53681 | Spider:1 | Found a frozen archway.
 53704 | Spider:1 | Reached skill level 2 in Translocations
 53765 | Spider:1 | Reached skill level 3 in Translocations
 53817 | IceCv    | Entered an ice cave
 54284 | IceCv    | Reached skill level 4 in Translocations
 55378 | IceCv    | Reached skill level 16 in Conjurations
 55464 | IceCv    | Noticed an Ice Fiend
 57149 | Spider:2 | Reached skill level 12 in Spellcasting
 57272 | Spider:2 | Noticed Jorgrun
 57328 | Spider:2 | Killed Jorgrun
 58017 | Spider:3 | Reached skill level 12 in Dodging
 58026 | Spider:2 | Noticed Agnes
 58205 | Shoals:1 | Entered Level 1 of the Shoals
 61543 | Shoals:2 | Reached skill level 13 in Dodging
 61543 | Shoals:2 | Reached XP level 18. HP: 57/147 MP: 34/34
 63372 | Shoals:3 | Noticed Polyphemus
 63758 | Shoals:3 | Killed Polyphemus
 64440 | Shoals:2 | Reached skill level 14 in Dodging
 65684 | Shoals:3 | Reached skill level 1 in Evocations
 65812 | Shoals:3 | Noticed Louise
 65834 | Shoals:3 | Killed Louise
 66158 | Shoals:3 | Reached skill level 2 in Evocations
 66625 | Lair:1   | Learned a level 6 spell: Bolt of Fire
 66977 | Spider:2 | Reached ****** piety under Vehumet
 66977 | Spider:2 | Offered knowledge of Lehudib's Crystal Spear by Vehumet.
 66977 | Spider:2 | Offered knowledge of Fire Storm by Vehumet.
 66977 | Spider:2 | Offered knowledge of Glaciate by Vehumet.
 66982 | Spider:2 | Reached skill level 3 in Evocations
 67178 | Spider:2 | Reached skill level 1 in Fire Magic
 67597 | Spider:2 | Reached skill level 2 in Fire Magic
 67759 | Spider:1 | Reached skill level 4 in Evocations
 68189 | Spider:2 | Reached skill level 3 in Fire Magic
 68955 | Spider:2 | Killed Agnes
 68955 | Spider:2 | Reached skill level 5 in Evocations
 68978 | Spider:2 | Reached skill level 4 in Fire Magic
 69544 | Spider:3 | Reached skill level 5 in Fire Magic
 70161 | Spider:3 | Reached skill level 6 in Fire Magic
 70455 | Spider:4 | Entered Level 4 of the Spider Nest
 70882 | Spider:4 | Reached skill level 7 in Fire Magic
 71616 | Spider:4 | Reached skill level 8 in Fire Magic
 72326 | Spider:4 | Reached XP level 19. HP: 88/154 MP: 29/35
 73221 | Spider:4 | Reached skill level 11 in Fighting
 74393 | Spider:4 | Reached skill level 12 in Fighting
 74731 | Spider:4 | Got a gossamer rune of Zot
 75443 | Lair:1   | Learned a level 5 spell: Fireball
 75612 | Shoals:4 | Entered Level 4 of the Shoals
 75676 | Shoals:4 | Found a deep blue altar of Sif Muna.
 76568 | Shoals:3 | Reached skill level 13 in Fighting
 77558 | Shoals:4 | Got a barnacled rune of Zot
 77891 | Shoals:4 | Noticed Ilsuiw
 78788 | Shoals:4 | Reached skill level 14 in Fighting
 79109 | Shoals:4 | Killed Ilsuiw
 79764 | Shoals:4 | Got a brightly glowing glass ring
 79765 | Shoals:4 | Identified the ring of Sougeegh {Int+2 SInv} (You took it off a merfolk on level 4 of the Shoals)
 79867 | Shoals:4 | Reached skill level 15 in Fighting
 81382 | Orc:4    | Bought a potion of agility for 56 gold pieces
 81382 | Orc:4    | Bought a potion of haste for 140 gold pieces
 81382 | Orc:4    | Bought 2 potions of magic for 224 gold pieces
 81382 | Orc:4    | Bought a potion of magic for 112 gold pieces
 81382 | Orc:4    | Bought a potion of invisibility for 112 gold pieces
 81382 | Orc:4    | Bought a potion of agility for 56 gold pieces
 81382 | Orc:4    | Bought a potion of curing for 42 gold pieces
 81392 | Orc:4    | Bought a book of Annihilations for 1766 gold pieces
 81400 | Orc:4    | Learned a level 6 spell: Poison Arrow
 81570 | D:8      | Bought the ring of Ysiesch {+Fly MR+} for 421 gold pieces
 81725 | Elf:1    | Entered Level 1 of the Elven Halls
 82502 | Elf:1    | Reached skill level 16 in Fighting
 82762 | Elf:1    | Reached skill level 1 in Poison Magic
 82884 | Elf:1    | Reached skill level 2 in Poison Magic
 82981 | Elf:1    | Reached skill level 3 in Poison Magic
 82981 | Elf:1    | Reached XP level 20. HP: 167/180 MP: 11/36
 83243 | Elf:1    | Reached skill level 4 in Poison Magic
 83312 | Elf:1    | Identified the Reference Book on Battle Magic (You found it on level 1 of the Elven Halls)
 83625 | Elf:2    | Noticed Wiglaf
 83780 | Elf:2    | Reached skill level 5 in Poison Magic
 84612 | Elf:2    | Found a runed gate.
 84612 | Elf:2    | Found a runed gate.
 84614 | Elf:2    | Found a runed gate.
 84835 | Elf:2    | Reached skill level 6 in Poison Magic
 84920 | Elf:2    | Killed Wiglaf
 85727 | Lair:1   | Learned a level 4 spell: Passage of Golubria
 85885 | Vaults:1 | Entered Level 1 of the Vaults
 86538 | Vaults:1 | Reached skill level 7 in Poison Magic
 86812 | Vaults:1 | Reached skill level 1 in Shields
 87080 | Vaults:1 | Reached skill level 2 in Shields
 87702 | Vaults:1 | Reached skill level 13 in Spellcasting
 87702 | Vaults:1 | Reached skill level 3 in Shields
 88236 | D:14     | Reached skill level 4 in Shields
 88986 | Vaults:1 | Found a radiant altar of Vehumet.
 89104 | Vaults:1 | Reached skill level 5 in Shields
 89144 | Vaults:1 | Reached skill level 6 in Shields
 89930 | Vaults:1 | Reached skill level 7 in Shields
 90318 | Vaults:1 | Reached skill level 8 in Shields
 91156 | Vaults:2 | Reached skill level 9 in Shields
 91163 | Vaults:2 | Reached XP level 21. HP: 166/188 MP: 22/38
 91924 | Vaults:2 | Reached skill level 10 in Shields
 93008 | Vaults:2 | Reached skill level 11 in Shields
 93889 | Vaults:3 | Found Jannyeshri's Gadget Boutique.
 94359 | Vaults:3 | Reached skill level 12 in Shields
 94903 | Vaults:3 | Found a staircase to the Crypt.
 94903 | Vaults:3 | Found an ancient bone altar of Kikubaaqudgha.
 94904 | Vaults:3 | Found a basalt altar of Yredelemnul.
 96095 | Vaults:4 | Reached skill level 13 in Shields
 96932 | Vaults:4 | Found Bonexuocw's Gadget Boutique.
 97461 | Vaults:4 | Noticed emiel's ghost (adept MfBe)
 97477 | Vaults:4 | Killed emiel's ghost
 97483 | Vaults:4 | Reached skill level 14 in Shields
 98763 | Vaults:4 | Got an ichor-stained buckler
 98764 | Vaults:4 | Identified the +1 buckler of the Gloaming {Slay+3} (You took it off an ironheart preserver on level 4 of the Vaults)
 99192 | Vaults:4 | Reached skill level 15 in Shields
 99538 | Vaults:3 | Bought a wand of hasting (3) for 882 gold pieces
 99854 | Elf:3    | Entered Level 3 of the Elven Halls
100057 | Elf:3    | Reached skill level 5 in Translocations
100252 | Elf:3    | Reached XP level 22. HP: 195/195 MP: 34/39
101013 | Elf:2    | Reached skill level 6 in Translocations
101619 | Elf:3    | Reached skill level 14 in Spellcasting
101697 | Elf:3    | Reached skill level 7 in Translocations
101868 | Elf:3    | Reached skill level 6 in Evocations
102253 | Elf:3    | Reached skill level 7 in Evocations
102900 | Elf:3    | Reached skill level 8 in Evocations
103241 | Elf:3    | Reached skill level 9 in Evocations
103597 | Elf:3    | Identified Sif Muna's Tome of Beguiling (You found it on level 3 of the Elven Halls)
103603 | Elf:3    | Identified the Incunabulum of Companions and Bewitchment (You found it on level 3 of the Elven Halls)
104218 | Depths:1 | Entered Level 1 of the Depths
104224 | Depths:1 | Found a gateway to a ziggurat.
104442 | Depths:1 | Reached skill level 10 in Evocations
105100 | Depths:1 | Reached skill level 11 in Evocations
106062 | Depths:1 | Found a gateway to a bazaar.
106546 | Depths:1 | Reached skill level 15 in Dodging
107011 | Depths:1 | Reached XP level 23. HP: 161/204 MP: 23/41
108624 | Depths:2 | Reached skill level 17 in Fighting
108833 | Depths:2 | Found a gateway to a bazaar.
109248 | Depths:2 | Noticed Sojobo
109280 | Depths:2 | Killed Sojobo
110896 | Depths:2 | Reached skill level 16 in Dodging
111597 | Depths:2 | Reached skill level 18 in Fighting
112393 | Lair:1   | Learned a level 8 spell: Lehudib's Crystal Spear
112726 | Depths:2 | Reached skill level 1 in Earth Magic
113061 | Depths:2 | Reached skill level 2 in Earth Magic
113254 | Depths:2 | Reached skill level 3 in Earth Magic
113716 | Depths:2 | Reached skill level 4 in Earth Magic
113997 | Depths:3 | Reached skill level 5 in Earth Magic
114388 | Depths:3 | Reached skill level 6 in Earth Magic
114630 | Depths:3 | Noticed Margery
114697 | Depths:3 | Killed Margery
114697 | Depths:3 | Reached skill level 7 in Earth Magic
115030 | Depths:3 | Reached XP level 24. HP: 216/216 MP: 41/41
115284 | Depths:3 | Reached skill level 8 in Earth Magic
115453 | Depths:3 | Reached skill level 15 in Spellcasting
115639 | Depths:3 | Found a one-way gate leading to the halls of Pandemonium.
116132 | Depths:3 | Reached skill level 9 in Earth Magic
116848 | Depths:3 | Reached skill level 10 in Earth Magic
117831 | Depths:4 | Reached skill level 11 in Earth Magic
118499 | Depths:4 | Reached skill level 16 in Spellcasting
119190 | Depths:4 | Reached skill level 12 in Earth Magic
119283 | Depths:4 | Found a one-way gate to the infinite horrors of the Abyss.
119915 | Depths:4 | Reached skill level 13 in Earth Magic
120154 | Bazaar   | Entered a bazaar
120154 | Bazaar   | Found Owna's General Store.
120154 | Bazaar   | Found Becvyisa's Weapon Shop.
120154 | Bazaar   | Found Vaiziu's Assorted Antiques.
120154 | Bazaar   | Found Kaoskil's Assorted Antiques.
120179 | Bazaar   | Bought a ring of protection for 42 gold pieces
120187 | Bazaar   | Bought a potion of curing for 99 gold pieces
120187 | Bazaar   | Bought a scroll of fog for 66 gold pieces
120347 | Bazaar   | Entered a bazaar
120347 | Bazaar   | Found Xuss's Antique Armour Emporium.
120347 | Bazaar   | Found Zeohug's Antique Weapon Shoppe.
120347 | Bazaar   | Found Femia's Food Emporium.
120349 | Bazaar   | Found Zolityug's Food Shoppe.
120363 | Bazaar   | Bought a bread ration for 45 gold pieces
120363 | Bazaar   | Bought a bread ration for 45 gold pieces
120363 | Bazaar   | Bought a bread ration for 45 gold pieces
120363 | Bazaar   | Bought a bread ration for 45 gold pieces
120363 | Bazaar   | Bought a meat ration for 45 gold pieces
120366 | Bazaar   | Bought a bread ration for 60 gold pieces
120366 | Bazaar   | Bought a meat ration for 60 gold pieces
120366 | Bazaar   | Bought a meat ration for 60 gold pieces
120366 | Bazaar   | Bought a meat ration for 60 gold pieces
120366 | Bazaar   | Bought a bread ration for 60 gold pieces
120366 | Bazaar   | Bought a meat ration for 60 gold pieces
120369 | Bazaar   | Bought a beef jerky for 13 gold pieces
120369 | Bazaar   | Bought a beef jerky for 13 gold pieces
120369 | Bazaar   | Bought a royal jelly for 18 gold pieces
120369 | Bazaar   | Bought a royal jelly for 18 gold pieces
120369 | Bazaar   | Bought a royal jelly for 18 gold pieces
120372 | Bazaar   | Bought a beef jerky for 18 gold pieces
120956 | Depths:5 | Entered Level 5 of the Depths
121599 | Depths:4 | Reached XP level 25. HP: 218/224 MP: 24/43
121856 | Depths:4 | Reached skill level 14 in Earth Magic
121999 | Depths:4 | Reached skill level 17 in Spellcasting
123613 | Depths:5 | Reached skill level 15 in Earth Magic
124932 | Depths:5 | Found a gate to the Realm of Zot.
125869 | Depths:5 | Reached skill level 18 in Spellcasting
125869 | Depths:5 | Reached skill level 16 in Earth Magic
127056 | Vaults:5 | Entered Level 5 of the Vaults
127953 | Vaults:5 | Noticed an ancient lich
128164 | Vaults:5 | Killed an ancient lich
128302 | Vaults:5 | Mangled by an eldritch tentacle

Vault maps used:
D:1:      elethiomel_arrival_maze, serial_forest,
          infiniplex_forest_clump_curved, infiniplex_forest_lined_2,
          infiniplex_forest_lined_room_2, infiniplex_forest_lined_3,
          infiniplex_forest_end_2, infiniplex_forest_lined_ring
D:2:      overflow_temple_1_default, uniq_iyjb
D:3:      first_bread, minivault_11
D:5:      minitemple, uniq_grinder
D:6:      temple_green, basic_altar
D:7:      kennysheep_ying_yang, nicolae_ru_path_of_blood, the_bakery
D:8:      dpeg_oklobed_lair, serial_shops, shop, uniq_grum, uniq_erica,
          uniq_erolcha, uniq_psyche
D:9:      okawaru_humans
D:10:     orc_0_dummy, serial_shops, nicolae_shop_behind_doors, minivault_20,
          uniq_nergalle, uniq_snorg
D:11:     serial_shops, shop_fountains
D:14:     erik_vaults_2, minmay_three_doors
D:15:     gammafunk_enter_depths_forms, uniq_rupert
Temple:   zaba_magenta_temple_12
Lair:1:   minmay_stone_trees_medium, minmay_holes, columned_hall_lemuel,
          serial_bayou_pond_e
Lair:2:   minivault_23
Lair:3:   gammafunk_lair_bear_cave, elwin_shoals_entry_stream,
          spider_nest_entry_web_field, serial_bayou_shore_a,
          infiniplex_staircase_pool_2, lemuel_fruit_tree
Lair:4:   roderic_lost_polar_bear, infiniplex_staircase_pool,
          lemuel_fruit_fields
Lair:6:   lemuel_slime, grunt_megastairs_3
Lair:7:   nicolae_quartered_pool_super
Lair:8:   evil_forest, slime_altar_1, basic_altar, minivault_23
Shoals:3: nicolae_shoals_seven_spires, uniq_polyphemus, uniq_louise
Shoals:4: shoals_end_simple, shoal_ilsuiw, lemuel_centaur_altar
Spider:1: portal_ice_cave_entry_imps
Spider:2: nicolae_spider_mines_1, spider_trap, uniq_agnes, uniq_jorgrun
Spider:3: cheibrodos_spider_creepycove, spider_trap, guppyfry_wasp_nest
Spider:4: grunt_spider_rune_circles
Orc:1:    enter_volcano_1, nicolae_orc_rich_vein, uniq_maurice
Orc:3:    nicolae_orc_pool_cavern
Orc:4:    pubby_orc_utopia, uniq_maud
Elf:1:    elf_arrival_002, minmay_elf_sorcery
Elf:2:    nrook_uturn, minmay_misc_feat_ornament, uniq_wiglaf
Elf:3:    minmay_elf_hall_four_x
Vaults:1: v_alt_pattern_3, v_rooms_5, v_misc_16, v_misc_18, vaults_room_octagon,
          grunt_vaults_focal, v_pattern_4, vaults_room_grid,
          nicolae_vaults_diagonal_hallway_7, nicolae_vaults_little_squares_1,
          vaults_dpeg_ring, ontoclasm_vaults_chip, nicolae_vaults_alarming,
          basic_altar
Vaults:2: nicolae_vaults_windows_and_doors_thing,
          nicolae_vaults_big_angled_halls, nicolae_vaults_little_squares_1,
          vaults_room_pools, vaults_room_grunt_arrival_checkpoint,
          vaults_dpeg_diagonal, hangedman_vaults_snaps, nicolae_vaults_theta,
          nicolae_vaults_little_squares_4
Vaults:3: v_misc_13, hangedman_vaults_river_flow, ontoclasm_vaults_bender,
          vaults_room_grid, v_misc_33, minmay_crypt_entry_necro_gods,
          vaults_room_semicircle, vaults_mumra_chevron_long,
          ontoclasm_vaults_pinch, ontoclasm_vaults_shuriken, vaults_dpeg_doors,
          ontoclasm_vaults_ligature, nicolae_vaults_little_squares_3,
          serial_shops, shop
Vaults:4: ontoclasm_vaults_tryst, vaults_dpeg_cross,
          nicolae_vaults_stairing_the_circle, hangedman_vaults_restitches,
          nicolae_vaults_triangles, hangedman_vaults_stream,
          ontoclasm_vaults_ring_large, vaults_room_semicircle, v_rooms_5,
          nicolae_vaults_diagonal_hallway_7, vaults_room_hallway,
          nicolae_vaults_three_branches, v_misc_16, serial_shops, shop_statue
Vaults:5: serial_shops, uniq_boris
Depths:1: minmay_octo_star, enter_ziggurat_b, hell_entry, serial_shops,
          bzr_firewalk, hangedman_decor_push, hangedman_glass_garden,
          minmay_misc_feat_square, fake_guardian_serpent_vault
Depths:2: minmay_spriggan_fort, serial_shops, statue_bzr,
          grunt_hell_entry_dis_mu, bh_walls_and_bars, dispersion_dpeg,
          uniq_sojobo
Depths:3: minmay_box_of_statues, grunt_metal_band, rand_demon_pan_entry_1,
          roderic_chinese_pattern_swastika, minmay_staircase_windowed_small,
          grunt_megastairs_2, kennysheep_random_hallway
Depths:4: hangedman_stitches_corridor, minmay_misc_feat_pillars, abyss_entry,
          hell_entry, infiniplex_staircase_pool_1
Depths:5: grunt_zot_entry_tricorne, hell_entry, grunt_pan_entry_sceptre,
          corexii_leaking_fountain
Bazaar:   bazaar_minmay_generic_box, bazaar_general_marketplace
IceCv:    ice_cave_small_demon
Volcano:  volcano_pools

Vanquished Creatures
  An ancient lich Sojobo Margery
  3 caustic shrikes
  3 golden dragons
  The ghost of emiel the Phalangite, an adept MfBe of Makhleb Jorgrun
  2 liches Rupert
  4 tentacled monstrosities
  A deep elf blademaster
  A titan
  A deep elf master archer
  A kraken Polyphemus Agnes
  4 shadow dragons
  3 sphinxes
  6 tengu reavers
  A storm dragon Ilsuiw
  8 frost giants Wiglaf
  2 iron dragons
  14 fire giants Maud
  6 vault wardens
  5 ghost moths
  A draconian knight
  16 deep elf sorcerers
  A cacodemon Louise
  8 emperor scorpions
  14 ironheart preservers
  A draconian shifter
  4 spriggan defenders
  25 very ugly things
  An orc warlord
  22 stone giants
  15 deep elf annihilators
  4 vampire knights
  A black draconian
  A green draconian
  7 deep elf demonologists
  2 dire elephants
  A red draconian
  A yellow draconian
  4 deep elf death magi
  2 purple draconians Snorg
  17 ettins
  10 merfolk javelineers Erolcha
  8 great orbs of eyes
  5 merfolk impalers
  36 vault guards
  11 fire dragons
  15 yaktaur captains
  8 deep elf high priests
  10 entropy weavers
  3 rakshasas
  14 ice dragons
  A catoblepas
  3 spriggan air magi
  19 centaur warriors
  A hell beast
  10 merfolk aquamancers Erica
  3 satyrs
  2 alligator snapping turtles
  8 hydras
  3 merfolk avatars
  A dancing weapon
  15 deep troll shamans
  22 ogre magi
  21 deep troll earth magi
  3 vampire magi
  A hell hog
  11 death yaks
  5 orc high priests
  6 spriggan berserkers
  5 tengu warriors
  A sun demon
  A large abomination Nergalle
  25 deep elf knights
  9 skeletal warriors
  2 fire crabs
  51 deep trolls
  2 shadow wraiths
  25 hell knights
  3 flayed ghosts
  6 ironbrand convokers
  5 ice devils
  8 iron trolls
  4 spriggan druids
  3 wizards
  A shadow dragon zombie
  4 unseen horrors
  3 ice statues
  11 orc knights
  34 harpies
  9 sea snakes
  16 deep elf summoners
  6 giant orange brains
  3 harpies (shapeshifter)
  20 deep elf conjurers
  19 orb spiders
  7 cyclopes
  77 ugly things
  5 necromancers
  11 hill giants
  8 griffons
  2 tengu skeletons
  5 water nymphs
  18 fauns
  5 hornets
  46 wolf spiders
  4 orc sorcerers
  An octopode (shapeshifter)
  3 moths of wrath
  A moth of wrath (shapeshifter)
  A cyclops (shapeshifter)
  2 oklob plants
  2 sixfirhies
  A guardian serpent Maurice
  6 black mambas
  12 sirens
  A rust devil
  A hellion
  16 vault sentinels
  14 manticores
  6 orange demons Psyche
  3 gargoyles
  97 yaktaurs
  21 spiny frogs
  A torpor snail
  6 kobold demonologists
  6 komodo dragons
  A fire drake (shapeshifter)
  3 tengu conjurers
  A spiny frog (shapeshifter)
  A queen bee (shapeshifter)
  A redback zombie
  32 merfolk
  13 demonic crawlers
  10 blue devils
  A hellwing
  A komodo dragon (shapeshifter)
  A yaktaur (shapeshifter)
  5 freezing wraiths
  50 two-headed ogres
  15 deep elf priests
  3 fire drakes
  A harpy zombie
  A small abomination
  A tengu simulacrum
  2 blink frogs (shapeshifter)
  25 jumping spiders
  A slime creature (shapeshifter)
  3 wind drakes
  9 trolls Grinder
  13 snapping turtles
  4 polar bears
  A wind drake (shapeshifter)
  A trapdoor spider zombie
  6 boulder beetles
  40 slime creatures
  A human simulacrum
  4 shadows
  The ghost of fredomojojo the Bolt Thrower, an amateur KoHu of Dithmenos
  32 blink frogs
  23 water elementals
  2 air elementals
  20 trapdoor spiders
  38 deep elf magi
  A wyvern (shapeshifter)
  21 spriggans
  2 wyverns
  69 redbacks
  A tarantella (shapeshifter)
  2 humans
  34 tarantellas
  17 hippogriffs
  34 yaks
  A hungry ghost Grum
  5 basilisks
  A golden eye (shapeshifter)
  A chaos spawn
  20 vampire mosquitoes
  44 deep elf fighters
  A soldier ant
  2 steam dragons
  7 wargs
  A neqoxec
  27 wolves
  A redback simulacrum
  22 water moccasins
  39 spiders
  2 hell hounds
  A necrophage
  51 orc warriors
  2 phantoms
  A swamp drake (shapeshifter)
  10 wasps
  7 porcupines
  An eye of draining
  8 ice beasts
  3 black bears
  A black bear (shapeshifter)
  73 ogres
  36 centaurs
  6 sky beasts
  7 boggarts
  An eye of draining (shapeshifter)
  A crocodile (shapeshifter)
  25 crocodiles
  21 giant frogs
  8 big kobolds
  A gnoll sergeant
  3 wyvern zombies
  A wyvern skeleton
  5 killer bees
  8 scorpions
  5 electric eels
  9 wights
  8 crimson imps
  3 quasits
  2 centaur zombies
  16 jellies
  15 hounds
  32 orc wizards
  2 giant frog zombies Ijyb
  14 iguanas
  4 centaur skeletons
  2 giant frog skeletons
  3 iron imps
  35 orc priests
  An elf simulacrum
  13 worker ants
  44 sheep
  4 hound zombies
  2 hound skeletons
  2 worker ant zombies
  7 gnolls
  18 adders
  66 river rats
  8 shadow imps
  18 white imps
  13 oozes
  13 ufetubi
  An adder skeleton
  An adder zombie
  A worm (shapeshifter)
  7 giant geckos
  206 orcs
  6 giant cockroaches
  15 goblins
  12 hobgoblins
  8 jackals
  10 quokkas
  10 bats
  A giant gecko skeleton
  A giant gecko zombie
  7 giant newts
  26 kobolds
  2 quokka skeletons
  A quokka zombie
  9 rats
  2 butterflies
  22 eldritch tentacle segments
  56 fulminant prisms
  18 fungi
  275 plants
  14 tentacles
  360 tentacle segments
3587 creatures vanquished.
